Map: Zen LE

Players

thomasKuo

  • Race: Terran Terran
  • League: Silver
  • Spawn Location: 7:00

JohnnyV - Winner!

  • Race: Terran Terran
  • League: Silver
  • Spawn Location: 1:00

VOD

Have the link to the VOD?

Description

Time

  • Played on: May 15, 2020, 2:15 p.m.
  • Length: 14:00
Show
View Real Time Build Order
Export as new Build Order

thomasKuo Terran 

Build Orders:  

Get SALT Encoding   

  12  0:01  SCV  
  13  0:13  SCV  
  14  0:20  Supply Depot  
  14  0:29  Refinery  
  14  0:33  SCV  
  15  0:43  Barracks  
  15  0:46  SCV  
  16  0:58  SCV  
  16  1:00  Refinery  
  17  1:20  SCV  
  18  1:32  SCV  
  19  1:36  Supply Depot  
  19  1:44  SCV  
  20  1:50  Factory  
  20  1:56  SCV  
  21  2:08  SCV  
  22  2:10  Marine  
  23  2:20  SCV  
  24  2:32  SCV  
  24  2:36  Factory Tech Lab  
  25  2:39  Marine  
  25  2:44  SCV  
  26  2:56  SCV  
  26  2:57  Marine  
  28  3:08  SCV  
  28  3:10  Starport  
  29  3:15  Marine  
  30  3:21  SCV  
  30  3:25  Supply Depot  
  31  3:33  Marine  
  28  3:40  Widow Mine  
  28  3:51  Marine  
  29  4:00  Supply Depot  
  29  4:09  Marine  
  30  4:12  Fusion Core  
  30  4:16  SCV  
  31  4:23  Supply Depot  
  31  4:27  Marine  
  31  4:28  SCV  
  32  4:33  Starport Tech Lab  
  32  4:45  Starport  
  32  4:50  Orbital Command  
  32  4:59  Battlecruiser  
  38  5:10  Marine  
  39  5:28  Marine  
  40  5:40  Weapon Refit  
  40  5:43  Battlecruiser  
  40  5:45  Factory Tech Lab  
  46  6:08  Supply Depot  
  40  6:31  Supply Depot  
  34  7:22  Battlecruiser  
  40  7:32  Engineering Bay  
  40  7:53  Viking  
  42  8:06  Supply Depot  
  40  8:26  Battlecruiser  
  48  8:27  Armory  
  46  8:48  Battlecruiser  
  52  9:12  Refinery  
  52  9:15  Refinery  
  46  9:55  Bunker  
  46  9:56  Battlecruiser  
  48  10:25  Terran Vehicle And Ship Armor Level 1  
  48  10:30  SCV  
  49  10:42  SCV  
  50  11:01  SCV  
  51  11:13  SCV  
  53  11:25  SCV  
  53  11:37  SCV  
  54  11:41  Command Center  
  54  12:15  Marine  
  54  12:20  Supply Depot  
  55  12:33  Marine  
  56  13:03  SCV  
Show
View Real Time Build Order
Export as new Build Order

JohnnyV Terran - Winner!

Build Orders:  

Get SALT Encoding   

  12  0:02  SCV  
  13  0:17  Supply Depot  
  13  0:18  SCV  
  14  0:30  SCV  
  14  0:31  Refinery  
  15  0:42  Barracks  
  15  0:46  SCV  
  16  1:00  SCV  
  17  1:12  SCV, Refinery  
  18  1:24  SCV  
  19  1:26  Supply Depot  
  19  1:34  Reaper  
  19  1:36  SCV  
  21  1:45  Bunker  
  21  1:49  SCV  
  21  1:53  Factory  
  22  2:01  SCV  
  23  2:11  Reaper  
  23  2:13  SCV  
  25  2:25  SCV  
  25  2:37  SCV  
  26  2:57  Barracks Reactor  
  26  2:58  Factory Tech Lab  
  26  3:03  Orbital Command  
  26  3:04  Supply Depot  
  26  3:09  Command Center  
  25  3:46  Siege Tank  
  25  3:47  Marine x2  
  30  3:55  Starport  
  30  4:02  SCV  
  31  4:14  Marine x2  
  32  4:28  Orbital Command  
  32  4:34  Engineering Bay  
  32  4:36  Marine x2  
  32  4:37  Siege Tank  
  37  4:46  Liberator  
  37  4:49  SCV  
  41  4:56  Marine x2  
  43  5:06  SCV  
  44  5:08  Supply Depot  
  44  5:16  Supply Depot  
  44  5:18  SCV x2  
  44  5:19  Marine x2  
  48  5:30  Missile Turret  
  48  5:33  Barracks  
  48  5:39  Supply Depot  
  48  5:45  SCV x2, Starport Tech Lab  
  48  5:46  Fusion Core  
  50  5:50  Refinery  
  50  5:51  Refinery  
  50  5:52  Marine x2  
  50  5:53  Siege Tank  
  55  5:57  Terran Infantry Weapons Level 1  
  55  6:05  SCV x2  
  57  6:15  Banshee  
  57  6:17  Cloaking Field  
  60  6:20  SCV x2, Marine x2  
  60  6:22  Barracks Tech Lab  
  64  6:26  Cyclone  
  64  6:39  Missile Turret  
  64  6:40  Missile Turret  
  64  6:42  Missile Turret  
  64  6:47  Missile Turret  
  64  6:49  Missile Turret  
  64  6:51  Marine x2  
  64  6:53  Combat Shield  
  66  7:02  Marine  
  62  7:09  Marine x2  
  55  7:18  Cyclone  
  55  7:20  Marine  
  56  7:27  Marine x2  
  56  7:34  Missile Turret  
  53  7:38  Marine  
  53  7:39  Missile Turret  
  50  7:45  Marine x2  
  50  7:50  Cyclone  
  55  7:54  Terran Infantry Armor Level 1  
  55  7:56  Marine  
  56  7:59  Missile Turret  
  56  8:02  Marine x2  
  56  8:04  SCV  
  56  8:05  SCV  
  57  8:17  Marine  
  58  8:20  Stimpack, Marine x2  
  60  8:29  Cyclone  
  63  8:37  Missile Turret  
  63  8:38  Battlecruiser  
  63  8:39  Marine  
  63  8:40  Marine  
  71  8:45  Armory  
  71  8:48  SCV  
  71  8:49  SCV  
  73  8:57  Marauder  
  73  9:01  Marine x2  
  77  9:07  Command Center  
  77  9:15  SCV  
  78  9:20  Supply Depot  
  78  9:22  Supply Depot  
  78  9:30  SCV  
  71  9:39  Missile Turret  
  71  9:49  Sensor Tower  
  71  9:52  Medivac  
  73  9:53  Starport  
  73  10:04  Thor  
  73  10:07  Marine x2  
  79  10:08  Marauder  
  77  10:23  Terran Infantry Weapons Level 2  
  77  10:27  Terran Ship Weapons Level 1  
  77  10:30  Starport Reactor, Marauder  
  79  10:37  SCV x3  
  79  10:38  Marine x2  
  79  10:41  Viking  
  86  10:50  Marine  
  86  10:53  Refinery  
  86  10:56  Marine x2  
  89  10:57  Planetary Fortress  
  89  10:58  Refinery  
  89  11:03  Hellbat  
  91  11:08  Marine  
  91  11:09  SCV x2  
  94  11:14  Marine  
  95  11:21  SCV  
  96  11:26  SCV  
  97  11:33  SCV  
  98  11:40  Engineering Bay  
  98  11:43  Armory  
  98  11:50  Supply Depot  
  98  11:54  Supply Depot  
  98  12:00  Supply Depot  
  98  12:08  Marine x3  
  98  12:10  Viking x2  
  98  12:12  Medivac  
  98  12:14  Thor  
  113  12:22  Barracks  
  113  12:24  Barracks  
  113  12:26  Marine x2  
  113  12:27  Barracks  
  115  12:55  SCV x2  
  115  12:56  SCV  
  118  12:59  Sensor Tower  
  118  13:00  Marine x3  
  118  13:03  Thor  
  127  13:06  Medivac x2  
  127  13:08  Viking  
  133  13:18  Marine x3  
  113  13:35  Marine x3  
  113  13:36  Marine x3  
Tags
 
Matchup
TvT
Race
Terran
Spawn Locations
Cross Positions
Add a new tag
Caveats
  • Supply blocks, unpowered buildings, or Contaminate may cause inaccurate times.
  • Supply counts are checked every 10 seconds.